AoeStats
← BSHammer

Nomad

508345576Analyzed
3v3 RM · 11d ago on Sep 22, 2026· 42m 47s· 6 players
Game mode
Random Map
Map size
210×210
Population
200
Speed
Normal
Resources
Standard
Victory
Conquest
Starting age
Dark Age
Ending age
Imperial Age
RankedLock teamsTeams togetherTeam positionsShared explorationLock speedFull tech treeHidden civsTurbo modeCheats
Victory
Defeat
🇲🇽 Persians · Mexico
1691
+13
🇲🇽 Celts · Mexico
1678
+13
🇲🇽 Koreans · Mexico
1515
+20
🇺🇸 Mongols · United States
1634
-16
🇺🇸 Vikings · United States
1620
-16
🇺🇸 Koreans · United States
1578
-14
koriko9397
7:55 Loom
13:18 Feudal Age
17:34 Castle Age
17:47 Double-Bit Axe
18:40 Bow Saw
22:24 Horse Collar
25:56 Wheelbarrow
26:12 Medium Warships
28:08 Town Watch
28:55 Fletching
30:42 Bodkin Arrow
31:56 Padded Archer Armor
32:46 Ballistics
33:21 Hand Cart
33:24 Bloodlines
33:18 Gold Mining
33:50 Husbandry
38:12 Imperial Age
36:10 Light Cavalry
39:19 Conscription
38:19 Elite Mangudai
39:08 Bracer
39:05 Heavy Camel Rider
40:09 Leather Archer Armor
42:09 Scale Barding Armor
42:15 Forging
43:14 Chemistry
BSHammer
3:06 Loom
12:57 Feudal Age
18:22 Castle Age
25:39 Fletching
Lucas Ducas
4:48 Loom
13:18 Feudal Age
14:16 Town Watch
17:40 Castle Age
15:52 Fishing Lines
17:08 Double-Bit Axe
18:48 Fletching
21:50 Scale Mail Armor
22:06 Squires
24:11 Horse Collar
26:11 Heavy Plow
27:53 Chain Mail Armor
30:14 Forging
32:11 Gold Mining
33:12 Iron Casting
32:25 Arson
36:56 Ballistics
39:06 Imperial Age
38:48 Chieftains
40:25 Conscription
40:37 Plate Mail Armor
hK | triunFo
5:34 Loom
13:51 Feudal Age
18:25 Castle Age
18:24 Double-Bit Axe
26:24 Fletching
30:44 Imperial Age
29:16 Bodkin Arrow
30:36 Ballistics
32:52 Bow Saw
33:58 Chemistry
34:59 Bracer
hK | TwisteR
5:32 Loom
12:45 Feudal Age
14:20 Double-Bit Axe
15:16 Scale Barding Armor
16:47 Forging
21:41 Castle Age
20:32 Bloodlines
20:17 Horse Collar
20:33 Fishing Lines
22:04 Fletching
22:16 Light Cavalry
24:09 Wheelbarrow
26:33 Bodkin Arrow
29:47 Husbandry
30:41 Bow Saw
32:27 Hand Cart
33:34 Heavy Plow
38:53 Imperial Age
38:26 Chain Barding Armor
38:42 Iron Casting
38:32 Cavalier
39:49 Plate Barding Armor
39:37 Conscription
41:25 Two-Man Saw
41:28 Blast Furnace
42:22 Savar
43:02 Town Watch
KH | BooMBastic_
4:52 Loom
14:41 Feudal Age
16:22 Double-Bit Axe
16:37 Fishing Lines
19:04 Castle Age
17:14 Gold Mining
17:51 Fletching
19:44 Bodkin Arrow
20:05 Medium Warships
22:17 Bow Saw
25:06 Town Watch
25:58 Wheelbarrow
25:18 Stone Mining
27:21 Gillnets
29:32 Horse Collar
31:59 Heavy Plow
32:36 Gold Shaft Mining
32:36 Stone Shaft Mining
37:13 Imperial Age
38:21 Hand Cart
38:40 Ballistics
38:58 Conscription
40:42 Heavy Scorpion
43:17 Chemistry
Connection lost

Rejoining the realm…

Still unreachable

The connection could not be restored.

Session expired

The server has moved on; the page needs a fresh start.